 Dungeon Crawl Stone Soup version 0.14-a0-1546-g4b4961f (webtiles) character file.

5359 Drahman the Conjurer (level 10, -9/45 HPs)
             Began as a Deep Elf Wizard on Dec 18, 2013.
             Was a Priest of Vehumet.
             Shot with an arrow by a centaur warrior (31 damage)
             ... on Level 9 of the Dungeon.
             The game lasted 00:46:51 (11276 turns).

Drahman the Conjurer (Deep Elf Wizard)             Turns: 11276, Time: 00:46:52

HP  -9/45        AC  8     Str  4      XL: 10   Next: 25%
MP  28/31        EV 15     Int 27      God: Vehumet [***...]
Gold 507         SH  2     Dex 13      Spells:  8 memorised,  2 levels left

rFire  . . .     SeeInvis .     A - staff of death
rCold  . . .     Clarity  +     a - +0 elf robe
rNeg   + . .     Conserve .     (no shield)
rPois  .         rCorr    .     b - +0 elf wizard hat
rElec  +         rRot     .     f - +1 elf cloak
SustAb . .       Spirit   .     (no gloves)
rMut   .         Warding  .     C - +0 pair of boots
Saprov . . .     Stasis   .     r - amulet of clarity
                                G - cursed ring of wizardry
                                w - +1 ring of protection

@: somewhat resistant to hostile enchantments, stealthy
A: hooves 1, large bone plates 1, herbivore 1, frail 1, electricity resistance
a: Renounce Religion


You were on level 9 of the Dungeon.
You worshipped Vehumet.
Vehumet was most pleased with you.
You were not hungry.

You visited 2 branches of the dungeon, and saw 10 of its levels.
You also visited: Sewer.

You collected 537 gold pieces.
You spent 30 gold pieces at shops.

Inventory:

Armour
 a - a +0 elven robe (worn)
 b - a +0 elven wizard hat (worn)
 f - a +1 elven cloak (worn)
 C - a +0 pair of boots (worn)
Magical devices
 k - a wand of paralysis (3)
 n - a wand of digging (10)
 v - a wand of draining (2)
 x - a wand of draining (4)
 H - a wand of flame (4)
Comestibles
 c - a choko
 d - 3 bread rations
 u - an apple
 D - a lychee
 I - a meat ration
Scrolls
 e - 4 scrolls of fog
 g - 2 scrolls of remove curse
 m - 2 scrolls of teleportation
 p - a scroll of amnesia {unknown}
 B - 2 scrolls of magic mapping
 F - 2 scrolls of fear
 J - a scroll of enchant weapon II
 K - a scroll of enchant armour
Jewellery
 j - an uncursed ring of wizardry
 q - an uncursed ring of invisibility
 r - an amulet of clarity (around neck)
 w - a +1 ring of protection (left hand)
 y - an uncursed ring of flight
 G - a cursed ring of wizardry (right hand)
Potions
 l - 2 potions of magic
 o - 5 potions of curing
 s - a potion of brilliance
 z - 2 potions of speed
 E - a potion of heal wounds
Books
 h - a book of Conjurations

   Spells                             Type                      Level
   *Magic Dart                        Conjuration                  1
   *Searing Ray                       Conjuration                  2
   Dazzling Spray                     Conjuration/Hexes            3
   *Iskenderun's Mystic Blast         Conjuration                  4
   Iskenderun's Battlesphere          Conjuration/Charms           4
   Fulminant Prism                    Conjuration/Hexes            5
 t - a book of War Chants

   Spells                             Type                      Level
   Fire Brand                         Charms/Fire                  2
   Freezing Aura                      Charms/Ice                   2
   Shroud of Golubria                 Charms/Translocation         2
   Repel Missiles                     Charms/Air                   2
   Poison Weapon                      Charms/Poison                3
   Regeneration                       Charms/Necromancy            3
Magical staves
 i - an uncursed staff of poison
 A - an uncursed staff of death (weapon)


   Skills:
 + Level 6.8 Dodging
 - Level 2.4 Stealth
 + Level 9.3 Spellcasting
 * Level 10.0 Conjurations
   Level 1.1 Summonings
 - Level 4.3 Translocations
 - Level 3.5 Fire Magic
 * Level 6.9 Air Magic


You had 2 spell levels left.
You knew the following spells:

 Your Spells              Type           Power        Failure   Level  Hunger
a - Magic Dart            Conj           ####         1%          1    None
b - Blink                 Tloc           N/A          1%          2    None
c - Conjure Flame         Conj/Fire      #####...     1%          3    None
d - Mephitic Cloud        Conj/Pois/Air  #####...     1%          3    None
e - Searing Ray           Conj           ######       1%          2    None
f - Iskenderun's Mystic   Conj           ######..     1%          4    None
g - Airstrike             Air            ######....   1%          4    None
h - Conjure Ball Lightni  Conj/Air       ######....   3%          6    #####..


Dungeon Overview and Level Annotations

Branches:
Dungeon (9/16)             Temple (1/1) D:4            Lair (0/8) D:9
    Orc: D:9-12

Altars:
Ashenzari
Elyvilon
Fedhas
Kikubaaqudgha
Makhleb
Nemelex Xobeh
Okawaru
Trog
Vehumet
Xom
Yredelemnul
Zin
the Shining One

Shops:
D:5 *


Innate Abilities, Weirdness & Mutations

You have large cloven feet.
You are partially covered in large bone plates (AC +2, SH +2).
You digest meat inefficiently.
You are frail (-10% HP).
You are resistant to electric shocks.


Message History

Aiming: Searing Ray
Press: ? - help, Shift-Dir - straight line, f - centaur
Aim: a centaur, wielding a glowing trident (noxious fumes, lightly wounded, bewildered and confused)
Okay, then.
A bat comes into view.
The centaur is engulfed in noxious fumes.
The centaur is engulfed in noxious fumes.
The centaur appears confused.
The centaur warrior unwields an uncursed halberd.
The centaur warrior wields an uncursed longbow.
The centaur warrior shoots an arrow.
The arrow hits you!
Ouch! That really hurt!
Evoke which item? (* to show all) (? for menu, Esc to quit)
Okay, then.
The bat barely misses you.
The centaur is engulfed in noxious fumes.
The centaur appears confused.
The bat hits you but does no damage.
The centaur warrior shoots an arrow.
The arrow hits you!
Ouch! That really hurt!
You die...

.......................#
########..#....##.###..#
#............).<#####
#.##....#.............
#...........#........
#.##............####..
.#.....#...#...##
#.#..............##
#.......b@..........
#...%....§.§.......
#....%.###§§.......
###.....%..§§§.....##
...#.#......c......
#....>[..?.......
#!..#..##.......
#(........c....
#.(...).......


You could see a centaur warrior, a centaur (confused) and a bat.

Vanquished Creatures
  Erolcha (D:8)
  A steam dragon (D:8)
  A hungry ghost (D:7)
  Eustachio (D:7)
  A merfolk (D:7)
  Edmund (D:5)
  Menkaure (D:5)
  3 ice beasts
  A black bear (D:8)
  An orc warrior (D:6)
  2 sky beasts
  Purgy (Sewer)
  4 ogres
  2 phantoms (D:5)
  A water moccasin (D:6)
  Sigmund (D:5)
  2 centaurs
  3 giant frogs
  A gnoll sergeant (D:9)
  A manticore zombie (D:6)
  A manticore skeleton (D:6)
  2 killer bees (D:7)
  2 big fish (D:7)
  4 crimson imps
  3 hounds
  4 orc priests
  3 jellies
  8 worker ants
  An iguana (D:9)
  6 orc wizards
  5 scorpions
  A sky beast zombie (D:7)
  An ogre skeleton (D:6)
  A mummy (D:9)
  6 gnolls
  A giant centipede (D:8)
  A lemure (D:5)
  15 adders
  4 worms
  2 giant mites
  An adder skeleton (D:6)
  An ooze (D:5)
  29 orcs
  4 giant cockroaches
  11 goblins
  12 hobgoblins
  12 jackals
  2 quokkas
  A ball python (D:4)
  17 bats
  A giant cockroach zombie (D:6)
  8 giant geckos
  4 giant newts
  A giant spore (D:6)
  A hobgoblin skeleton (D:4)
  A jackal skeleton (D:5)
  13 kobolds
  A kobold zombie (D:7)
  A quokka zombie (D:6)
  10 rats
  A rat skeleton (D:6)
  5 ballistomycetes (D:8)
238 creatures vanquished.

Vanquished Creatures (collateral kills)
  A ball lightning (D:9)
1 creature vanquished.

Vanquished Creatures (others)
  An orc priest (D:9)
  An orc (D:8)
  2 giant spores
  A ballistomycete (D:9)
5 creatures vanquished.

Grand Total: 244 creatures vanquished

Notes
Turn   | Place    | Note
--------------------------------------------------------------
     0 | D:1      | Drahman, the Deep Elf Wizard, began the quest for the Orb.
     0 | D:1      | Reached XP level 1. HP: 10/10 MP: 6/6
   545 | D:1      | Reached XP level 2. HP: 15/15 MP: 7/10
   549 | D:1      | Learned a level 2 spell: Blink
  1374 | D:2      | Reached skill level 5 in Spellcasting
  1392 | D:2      | Reached XP level 3. HP: 19/19 MP: 5/14
  1403 | D:2      | Learned a level 3 spell: Conjure Flame
  1407 | D:2      | Learned a level 3 spell: Mephitic Cloud
  2125 | D:3      | Reached XP level 4. HP: 21/24 MP: 12/17
  2459 | D:3      | Learned a level 2 spell: Searing Ray
  2518 | D:3      | Reached skill level 1 in Fire Magic
  2798 | D:3      | Reached XP level 5. HP: 17/28 MP: 7/19
  3539 | D:3      | Learned a level 4 spell: Iskenderun's Mystic Blast
  3550 | D:4      | Noticed an ogre
  3597 | D:3      | Killed an ogre
  3597 | D:3      | Reached XP level 6. HP: 20/32 MP: 14/21
  3768 | D:4      | Noticed an ogre
  3777 | D:4      | Killed an ogre
  3777 | D:4      | Reached skill level 6 in Spellcasting
  3777 | D:4      | Reached skill level 5 in Conjurations
  3839 | D:4      | Found a glowing drain.
  3886 | Sewer    | Entered a sewer
  3987 | Sewer    | Noticed Purgy
  4011 | Sewer    | Killed Purgy
  4221 | D:4      | Reached XP level 7. HP: 36/36 MP: 18/24
  4421 | D:4      | Found a staircase to the Ecumenical Temple.
  4706 | Temple   | Entered the Ecumenical Temple
  4943 | D:5      | Entered Level 5 of the Dungeon
  4987 | D:5      | Noticed Sigmund
  4998 | D:5      | Killed Sigmund
  5062 | D:5      | Found Woofrak's General Store.
  5082 | D:5      | Bought a scroll of identify for 30 gold pieces
  5412 | D:5      | Reached XP level 8. HP: 38/41 MP: 18/25
  5753 | D:5      | Learned a level 4 spell: Airstrike
  5772 | D:5      | Noticed Edmund
  5829 | D:5      | Killed Edmund
  5829 | D:5      | Reached skill level 7 in Spellcasting
  5829 | D:5      | Reached skill level 1 in Air Magic
  6088 | D:5      | Found a radiant altar of Vehumet.
  6092 | D:5      | Became a worshipper of Vehumet
  6096 | D:5      | Found a glowing golden altar of the Shining One.
  6101 | D:5      | Found a sparkling altar of Nemelex Xobeh.
  6191 | D:5      | Noticed Menkaure
  6201 | D:5      | Killed Menkaure
  6387 | D:5      | Gained mutation: You are partially covered in large bone plates (AC +2, SH +2). [potion of mutation]
  6387 | D:5      | Gained mutation: You are resistant to electric shocks. [potion of mutation]
  6388 | D:5      | Gained mutation: You have large cloven feet. [potion of mutation]
  6388 | D:5      | Gained mutation: You digest meat inefficiently. [potion of mutation]
  6388 | D:5      | Gained mutation: You are frail (-10% HP). [potion of mutation]
  7107 | D:6      | Reached skill level 5 in Dodging
  7257 | D:6      | Acquired Vehumet's first power
  7257 | D:6      | Offered knowledge of Shock by Vehumet.
  7466 | D:6      | Reached skill level 8 in Conjurations
  7466 | D:6      | Reached XP level 9. HP: 40/40 MP: 20/28
  8503 | D:7      | Noticed Eustachio
  8512 | D:7      | Killed Eustachio
  8687 | D:7      | Found a white marble altar of Elyvilon.
  8724 | D:7      | Reached skill level 5 in Air Magic
  8895 | D:7      | Reached skill level 9 in Conjurations
  9061 | D:8      | Offered knowledge of Flame Tongue by Vehumet.
  9065 | D:8      | Noticed Erolcha
  9456 | Temple   | Learned a level 6 spell: Conjure Ball Lightning
  9628 | D:8      | Found a bloodstained altar of Trog.
  9718 | D:8      | Killed Erolcha
 10016 | D:8      | Reached XP level 10. HP: 45/45 MP: 23/30
 10428 | D:8      | Offered knowledge of Static Discharge by Vehumet.
 10865 | D:9      | Reached skill level 10 in Conjurations
 10902 | D:9      | Noticed a centaur warrior
 10911 | D:9      | Acquired Vehumet's second power
 11219 | D:9      | Found a staircase to the Lair.
 11276 | D:9      | Shot with an arrow by a centaur warrior

Action                   |  1- 3 |  4- 6 |  7- 9 | 10-12 || total
-------------------------+-------+-------+-------+-------++-------
Melee: Short sword       |       |     1 |       |       ||     1
       Scythe            |       |       |    20 |       ||    20
       Staff             |       |       |     1 |    62 ||    63
 Cast: Magic Dart        |    99 |    87 |   398 |   102 ||   686
       Mephitic Cloud    |       |     7 |    26 |     5 ||    38
       Conjure Flame     |       |     4 |     8 |     1 ||    13
       Searing Ray       |       |     5 |    19 |     6 ||    30
       Iskenderun's Myst |       |     1 |    27 |     5 ||    33
       Blink             |       |     1 |     4 |       ||     5
       Conjure Ball Ligh |       |       |       |     2 ||     2
Evoke: Wand              |       |       |     4 |     4 ||     8
  Use: Scroll            |       |    13 |    10 |     2 ||    25
       Potion            |       |     1 |     3 |       ||     4
 Stab: Confused          |       |       |     1 |       ||     1
